 Dungeon Crawl Stone Soup version 0.27.1-15-g792fb953b9 (webtiles) character file.

Game seed: 14945128788419439597

1121 croobank the Sneak (level 8, 0/50 HPs)
             Began as an Octopode Transmuter on Nov 19, 2021.
             Was an Elder of Cheibriados.
             Splashed by a jelly's acid (8 damage)
             ... on level 5 of the Dungeon.
             The game lasted 00:42:14 (6015 turns).

croobank the Sneak (Octopode Transmuter)            Turns: 6015, Time: 00:42:15

Health: 0/50       AC:  1    Str: 20    XL:     8   Next: 34%
Magic:  13/13      EV: 14    Int: 25    God:    Cheibriados [****..]
Gold:   175        SH:  5    Dex: 21    Spells: 6/14 levels left

rFire    . . .     SeeInvis .   g - +1 short sword (drain)
rCold    . . .     Faith    .   d - +1 buckler
rNeg     . . .     Spirit   .   (helmet restricted)
rPois    .         Reflect  .   k - amulet of magic regeneration
rElec    .         Harm     .   (no ring)
rCorr    .         Rampage  .   (no ring)
Will     .....                  (no ring)
Stlth    ++++......             (no ring)
HPRegen  0.16/turn              (no ring)
MPRegen  0.38/turn              (no ring)
                                (no ring)
                                (no ring)

@: slowed, very slow
A: almost no armour, amphibious, 8 rings, camouflage 1, gelatinous body 1,
(nimble swimmer 1), tentacles
a: Renounce Religion, Bend Time, Temporal Distortion, Slouch


You were on level 5 of the Dungeon.
You worshipped Cheibriados.
Cheibriados was greatly pleased with you.
You visited 1 branch of the dungeon, and saw 5 of its levels.

You collected 175 gold pieces.

Inventory:

Hand Weapons
 c - a +0 short sword
 f - a +0 hand axe
 g - a +1 short sword of draining (weapon)
 l - a +0 war axe
 m - a +0 great sword
 p - a +0 long sword
 r - a +0 scythe
 w - a +2 mace of holy wrath
 x - a +3 falchion of freezing
Missiles
 e - 117 stones
 n - 4 boomerangs (quivered)
 t - 12 poisoned darts
Armour
 d - a +1 buckler (worn)
Magical Staves
 a - a staff of air
Jewellery
 k - an amulet of magic regeneration (around mantle)
Wands
 u - a wand of flame (13)
 z - a wand of paralysis (7)
Scrolls
 j - a scroll of fog {unknown}
 o - a scroll of teleportation
 v - a scroll of magic mapping {unknown}
 y - a scroll of blinking {unknown}
Potions
 b - a potion of attraction
 h - a potion of brilliance {unknown}
 i - a potion of cancellation {unknown}
 q - a potion of curing
 s - a potion of magic {unknown}


   Skills:
 + Level 2.2 Fighting
 + Level 3.1 Short Blades
 + Level 0.1 Maces & Flails
 + Level 0.1 Throwing
 + Level 2.9 Dodging
 + Level 4.8 Stealth
 + Level 0.7 Shields
 + Level 3.5 Unarmed Combat
 + Level 3.7 Spellcasting
 * Level 3.6 Hexes
 + Level 3.6 Transmutations
 * Level 3.3 Ice Magic
 + Level 0.2 Poison Magic


You had 6 spell levels left.
You knew the following spells:

 Your Spells              Type           Power      Damage    Failure   Level
a - Beastly Appendage     Tmut           46%        N/A       3%          1
b - Ensorcelled Hibernat  Hex/Ice        44%        N/A       4%          2
c - Wereblood             Tmut           23%        N/A       4%          2
d - Spider Form           Tmut/Pois      7%         N/A       19%         3

Your spell library contained the following spells:

 Spells                   Type           Power      Damage    Failure   Level
 Ice Form                 Ice/Tmut       22%        N/A       32%         4
 Shadow Creatures         Summ           N/A        N/A       100%        6


Dungeon Overview and Level Annotations

Branches:
Dungeon (5/15)             Temple (0/1) D:5

Altars:
Ashenzari
Cheibriados
Gozag
Hepliaklqana
Kikubaaqudgha
The Shining One

Annotations:
D:5 2 transporters, Spike29's ghost, amateur DEVM


Innate Abilities, Weirdness & Mutations

You cannot wear most types of armour.
You are amphibious.
You can wear up to eight rings at the same time.
Your skin changes colour to match your surroundings (Stealth+).
Your rubbery body absorbs attacks. (AC +1, EV +1)
((You are camouflaged near water. (Stealth+)))
You have tentacles for arms and can constrict up to eight enemies at once.


Message History

You block the wraith's attack. The gnoll misses you.
The ufetubus closely misses you. x2; The gnoll barely misses you.
You hit the gnoll but do no damage. Your grab misses the gnoll.
You squeeze the gnoll.
The gnoll is severely wounded.
You block the ufetubus's attack. The ufetubus misses you. The wraith hits you.
The wraith drains your vigour!
You feel yourself slow down. The gnoll barely misses you.
The gnoll hits you with a staff of earth.
You block the ufetubus's attack. The ufetubus misses you.
You hit the wraith. You tentacle-slap the wraith! You squeeze the wraith.
The wraith is heavily damaged.
The ufetubus hits you. You block the ufetubus's attack. The wraith hits you.
The gnoll misses you. The gnoll hits you but does no damage.
The ufetubus closely misses you. The ufetubus misses you.
The wraith hits you but does no damage. The gnoll hits you with a +0 whip!
* * * LOW HITPOINT WARNING * * *
You feel better.
Your surroundings seem slightly different.
An orc and an orc wizard come into view.
The orc wizard is wielding a +0 dagger and wearing a +2 robe of willpower.
Found a stone staircase leading up.
The orc wizard points at you and mumbles some strange words.
The magic dart hits you.
* * * LOW HITPOINT WARNING * * *
An orc comes into view. It is wielding a +0 mace.
A jelly comes into view.
The sentinel's mark upon you fades away.
You puncture the jelly! You drain the jelly.
Your tentacles burn!
* * * LOW HITPOINT WARNING * * *
The jelly is almost dead.
The ufetubus hits you.
* * * LOW HITPOINT WARNING * * *
The ufetubus misses you. x2; The ufetubus completely misses you.
You block the jelly's attack. The gnoll closely misses you.
You fail to use your ability.
The ufetubus barely misses you. The ufetubus closely misses you.
The jelly hits you.
* * * LOW HITPOINT WARNING * * *
You are splashed with acid!
You die...

# .#
##.....†...#### #
.
.5#.#..........##
# .#
.##.#...#).......
. .
#......#....#..#
. ............# .
.......W.....###
..
........Y......#
.
#.....oJ5gZ....#
. ......#@g.#..##
. o..J###...####
. ... .....# . #
.......#
..........
..<........#
............#
##............


You could see a wraith, an ice beast, a jelly (drained), an orc wizard, 2
gnolls, an ufetubus and a water moccasin skeleton.

Vanquished Creatures
  Sigmund (D:3)
  An ogre (D:4)
  A bullfrog (D:4)
  A scorpion (D:5)
  A water moccasin zombie (D:4)
  A water moccasin skeleton (D:4)
  2 wights (D:4)
  A centaur skeleton (D:4)
  A bullfrog zombie (D:4)
  A human zombie (D:4)
  A centaur zombie (D:4)
  A jelly (D:4)
  An orc priest (D:3)
  Natasha (thrice) (D:2)
  Terence (D:2)
  A scorpion zombie (D:4)
  A hound zombie (D:4)
  2 mummies (D:4)
  5 gnolls
  5 adders
  2 adder skeletons
  An adder zombie (D:4)
  2 worms
  4 dart slugs
  8 orcs
  12 ball pythons
  5 bats
  5 endoplasms
  3 giant cockroaches
  9 goblins
  9 hobgoblins
  2 jackals (D:3)
  11 kobolds
  2 quokkas (D:1)
  4 frilled lizards
  A quokka zombie (D:4)
  11 rats
123 creatures vanquished.

Vanquished Creatures (others)
  A plant (D:1)
1 creature vanquished.

Grand Total: 124 creatures vanquished

Notes
Turn   | Place    | Note
-------+----------+-------------------------------------------
     0 | D:1      | croobank the Octopode Transmuter began the quest for the
                  | Orb.
     0 | D:1      | Reached XP level 1. HP: 13/13 MP: 3/3
   153 | D:1      | Reached XP level 2. HP: 15/18 MP: 3/5
   832 | D:1      | You fall into a shaft and drop 1 floor!
   832 | D:2      | Noticed Natasha
   836 | D:2      | Reached XP level 3. HP: 23/23 MP: 4/6
   847 | D:2      | Killed Natasha
  1244 | D:1      | Found a faded altar of an unknown god.
  1326 | D:1      | Became a worshipper of Cheibriados the Contemplative
  1326 | D:1      | Reached * piety under Cheibriados
  1530 | D:2      | Noticed Natasha
  1538 | D:2      | Killed Natasha
  1539 | D:2      | Reached skill level 1 in Stealth
  1539 | D:2      | Reached XP level 4. HP: 7/28 MP: 5/8
  1616 | D:2      | Noticed Natasha
  1622 | D:2      | Killed Natasha
  1623 | D:2      | Reached skill level 1 in Short Blades
  1636 | D:2      | Reached XP level 5. HP: 12/33 MP: 7/9
  1899 | D:2      | Noticed Terence
  1911 | D:2      | Killed Terence
  1920 | D:2      | Learned a level 2 spell: Ensorcelled Hibernation
  2033 | D:2      | Found a glowing golden altar of the Shining One.
  2189 | D:2      | Reached ** piety under Cheibriados
  2218 | D:2      | Reached skill level 2 in Stealth
  2647 | D:3      | Found an opulent altar of Gozag.
  2699 | D:3      | Learned a level 2 spell: Wereblood
  2797 | D:3      | Reached XP level 6. HP: 34/38 MP: 10/10
  2847 | D:3      | Found a broken altar of Ashenzari.
  3122 | D:3      | Noticed Sigmund
  3325 | D:3      | Killed Sigmund
  3326 | D:3      | Reached skill level 3 in Stealth
  3326 | D:3      | Reached skill level 1 in Hexes
  3326 | D:3      | Reached skill level 1 in Ice Magic
  3330 | D:3      | Learned a level 3 spell: Spider Form
  3488 | D:3      | Reached *** piety under Cheibriados
  4088 | D:4      | Reached XP level 7. HP: 44/44 MP: 12/12
  4835 | D:4      | Found a hazy altar of Hepliaklqana.
  5203 | D:4      | Reached skill level 4 in Stealth
  5218 | D:4      | Reached **** piety under Cheibriados
  5226 | D:4      | Reached XP level 8. HP: 37/50 MP: 13/13
  5234 | D:4      | Found an ancient bone altar of Kikubaaqudgha.
  5901 | D:5      | Entered Level 5 of the Dungeon
  5920 | D:5      | Found a staircase to the Ecumenical Temple.
  5942 | D:5      | Found a transporter.
  5948 | D:5      | Noticed Spike29's ghost (amateur DEVM)
  5966 | D:5      | Found a transporter.
  6002 | D:5      | Noticed a wraith
  6015 | D:5      | Splashed by a jelly's acid

Illustrated notes

Levels and vault maps discovered:
D:1:      saegor_arrival_simple_b, layout_basic,
          shapermc_ecumenical_altar_mp_urbaneastern, grunt_decor_fettered
D:2:      layout_basic, basic_altar, uniq_terence, uniq_natasha
D:3:      minmay_chambers_of_threes, layout_basic,
          mainiacjoe_overflow_large_starburst, minmay_misc_feat_chi,
          corner_web_ring, uniq_crazy_yiuf_cottage, uniq_sigmund
D:4:      layout_basic, lemuel_mausoleum_altar_kikubaaqudgha,
          lemuel_coloured_pillars_altar, portal_sewer_entry_a
D:5:      layout_cave_pools, minmay_temple_entry_arrows,
          gammafunk_ghost_stat_death

Skill      XL: |  1  2  3  4  5  6  7  8 |
---------------+-------------------------+-----
Stealth        | 1 2 3 4 |  4.8
Short Blades   | 1 2 3 |  3.1
Spellcasting   | 3 |  3.7
Transmutations | 3 |  3.6
Hexes          | 1 2 3 |  3.6
Ice Magic      | 1 2 3 |  3.3
Fighting       | 2 |  2.2
Maces & Flails | |  0.1
Throwing       | |  0.1
Dodging        | |  2.9
Shields        | |  0.7
Unarmed Combat | |  3.5
Poison Magic   | |  0.2

Action                   |  1- 3 |  4- 6 |  7- 9 || total
-------------------------+-------+-------+-------++-------
Melee: Unarmed           |     6 |       |     5 ||    11
       Kick              |    13 |    29 |    24 ||    66
       Constrict         |    12 |    27 |    17 ||    56
       Short sword       |    50 |   101 |    56 ||   207
       Tentacles         |    10 |    20 |    19 ||    49
       Punch             |     1 |     4 |     5 ||    10
       Mace              |       |       |     2 ||     2
Throw: Boomerang         |       |     3 |       ||     3
 Cast: Beastly Appendage |    16 |    29 |    13 ||    58
       Spider Form       |       |       |     2 ||     2
       Ensorcelled Hiber |       |       |     2 ||     2
 Abil: End Transformatio |       |     1 |       ||     1
  Use: Scroll            |     1 |     3 |     2 ||     6
       Potion            |       |     1 |     1 ||     2
 Stab: Sleeping          |     4 |    15 |    12 ||    31
Armor: Skin              |     6 |    11 |     2 ||    19
Dodge: Dodged            |    23 |    42 |    53 ||   118
Block: Buckler           |     5 |    15 |    17 ||    37
